AoeStats
← 清融

Arena

509540147Analyzed
4v4 RM · 5d ago on Sep 27, 2026· 53m 38s· 8 players
Game mode
Random Map
Map size
Large (8 player)
Population
200
Speed
Normal
Resources
Standard
Victory
Conquest
Starting age
Dark Age
Ending age
Imperial Age
RankedLock teamsTeams togetherTeam positionsShared explorationLock speedFull tech treeHidden civsTurbo modeCheats
Victory
Defeat
🇦🇷 Turks · Argentina
872
+14
🇺🇾 Bohemians · Uruguay
838
+16
🇵🇪 Spanish · Peru
815
+17
🇵🇪 Inca · Peru
783
+18
🇨🇳 Khmer · China
925
-19
🇨🇦 Aztecs · Canada
846
-29
🇺🇿 Poles · Uzbekistan
799
-15
🇨🇳 Huns · China
769
-14
JulioApo
12:12 Feudal Age
13:30 Double-Bit Axe
16:19 Castle Age
14:42 Horse Collar
17:38 Bow Saw
19:07 Fervor
25:36 Wheelbarrow
24:46 Loom
28:28 Fletching
30:15 Heavy Plow
31:21 Chemistry
34:18 Imperial Age
32:48 Forging
32:34 Bodkin Arrow
32:40 Scale Mail Armor
32:46 Scale Barding Armor
32:42 Padded Archer Armor
33:00 Pikeman
33:41 Squires
35:51 Ballistics
36:12 Halberdier
38:05 Conscription
42:47 Two-Man Saw
43:00 Leather Archer Armor
43:21 Iron Casting
43:02 Chain Mail Armor
43:08 Chain Barding Armor
42:49 Bracer
45:01 Siege Engineers
47:51 Blast Furnace
47:22 Plate Mail Armor
47:22 Ring Archer Armor
47:07 Masonry
46:54 Murder Holes
47:10 Fortified Wall
46:50 Guard Tower
46:47 Arrowslits
48:48 Architecture
48:29 Siphons
48:43 Wagenburg Tactics
48:44 Hussite Reforms
48:10 Sappers
48:02 Elite Hussite Wagon
48:09 Man-at-Arms
48:35 Arson
50:00 Bombard Tower
49:48 Caravan
49:37 Town Watch
50:23 Town Patrol
50:39 Hand Cart
50:40 Careening
52:21 Keep
51:58 Clinker Construction
52:00 Incendiaries
52:22 Sanctity
52:13 Redemption
52:30 Illumination
52:27 Devotion
53:05 Block Printing
53:30 Illumination
53:03 Herbal Medicine
53:33 Heresy
54:23 Theocracy
54:11 Faith
54:06 Atonement
ViracochaForce
0:42 Loom
11:53 Feudal Age
13:14 Double-Bit Axe
13:34 Horse Collar
13:48 Gold Mining
14:58 Champi Runner
17:12 Wheelbarrow
17:12 Arson
21:33 Stone Mining
22:02 Forging
21:55 Scale Mail Armor
22:21 Fletching
24:50 Castle Age
26:15 Hand Cart
32:08 Imperial Age
31:52 Treadmill Crane
34:01 Redemption
34:11 Champi Warrior
36:25 Heavy Plow
36:37 Bow Saw
37:26 Stone Shaft Mining
37:26 Heavy Scorpion
38:29 Siege Engineers
38:17 Elite Champi Warrior
39:47 Crop Rotation
39:57 Gold Shaft Mining
39:57 Thumb Ring
41:50 Chemistry
41:12 Ballistics
41:45 Conscription
45:36 Iron Casting
45:16 Chain Mail Armor
45:02 Padded Archer Armor
44:57 Bodkin Arrow
45:06 Elite Kamayuk
45:46 Fabric Shields
47:32 Masonry
47:41 Caravan
47:49 Squires
50:15 Blast Furnace
51:05 Plate Mail Armor
50:51 Leather Archer Armor
Omar_abc
10:48 Feudal Age
11:22 Loom
15:58 Castle Age
15:07 Double-Bit Axe
39:55 Imperial Age
38:03 Wheelbarrow
41:16 Town Watch
43:18 Elite Conquistador
45:18 Conscription
47:34 Bow Saw
SepeLio_O
10:02 Feudal Age
11:51 Loom
14:41 Castle Age
15:14 Gold Mining
18:56 Double-Bit Axe
19:02 Double-Bit Axe
26:54 Imperial Age
27:53 Padded Archer Armor
28:23 Horse Collar
29:04 Stone Mining
29:51 Gold Shaft Mining
36:30 Capped Ram
45:34 Fletching
52:27 Siege Ram
53:45 Scale Barding Armor
53:51 Forging
Eight255
4:06 Loom
10:25 Feudal Age
11:06 Man-at-Arms
13:46 Scale Mail Armor
22:18 Castle Age
22:36 Elite Skirmisher
25:46 Eagle Warrior
25:55 Crossbowman
27:10 Long Swordsman
34:32 Padded Archer Armor
34:23 Fletching
34:51 Chain Mail Armor
37:02 Atlatl
39:54 Imperial Age
37:20 Double-Bit Axe
42:09 Leather Archer Armor
41:50 Bodkin Arrow
42:28 Plate Mail Armor
43:20 Sanctity
43:23 Redemption
46:22 Illumination
48:01 Bracer
1416484493
12:07 Feudal Age
15:10 Castle Age
13:59 Double-Bit Axe
13:57 Horse Collar
16:29 Bow Saw
17:07 Wheelbarrow
17:22 Heavy Plow
27:01 Light Cavalry
35:21 Husbandry
37:03 Bloodlines
36:54 Husbandry
37:34 Gold Mining
38:56 Scale Barding Armor
38:42 Fletching
40:28 Bodkin Arrow
41:50 Gold Shaft Mining
46:27 Imperial Age
47:13 Bracer
47:13 Padded Archer Armor
48:58 Heavy Cavalry Archer
53:38 Chemistry
ruthlessfatality
10:57 Feudal Age
12:47 Wheelbarrow
15:54 Castle Age
14:14 Double-Bit Axe
14:23 Horse Collar
15:12 Gold Mining
17:26 Bow Saw
17:58 Stone Mining
22:33 Husbandry
22:59 Forging
23:33 Scale Barding Armor
25:42 Iron Casting
27:17 Squires
26:39 Pikeman
27:45 Bloodlines
28:52 Hand Cart
28:52 Scale Mail Armor
29:20 Heavy Plow
30:00 Stone Shaft Mining
29:02 Light Cavalry
32:11 Chain Barding Armor
34:54 Imperial Age
36:00 Winged Hussar
37:45 Blast Furnace
38:39 Conscription
39:52 Chain Mail Armor
39:08 Cavalier
清融
11:23 Feudal Age
12:14 Double-Bit Axe
13:14 Horse Collar
19:04 Castle Age
19:11 Castle Age
22:19 Wheelbarrow
21:34 Town Watch
22:23 Loom
25:10 Bow Saw
25:20 Gold Mining
25:20 Stone Mining
27:45 Gold Shaft Mining
30:18 Imperial Age
28:58 Hand Cart
29:25 Light Cavalry
32:04 Parthian Tactics
31:44 Hussar
33:05 Bloodlines
34:30 Two-Man Saw
34:15 Fletching
34:38 Forging
35:06 Husbandry
37:05 Conscription
36:44 Heavy Cavalry Archer
38:04 Ballistics
38:47 Marauders
41:21 Cavalier
Connection lost

Rejoining the realm…

Still unreachable

The connection could not be restored.

Session expired

The server has moved on; the page needs a fresh start.